 Dungeon Crawl Stone Soup version 0.30-a0-743-gbfdf073431 (webtiles) character file.

Game seed: 13060964729004283965

22 pokeman the Magician (level 2, -4/16 HPs)
             Began as a Deep Elf Hedge Wizard on Feb 5, 2023.
             Slain by a gnoll
             ... wielding a +0 flail
              (10 damage)
             ... on level 2 of the Dungeon.
             The game lasted 00:01:08 (1144 turns).

pokeman the Magician (Deep Elf Hedge Wizard)        Turns: 1144, Time: 00:01:08

Health: -4/16      AC:  2    Str:  7    XL:     2   Next: 68%
Magic:  18/18      EV: 12    Int: 18    God:
Gold:   55         SH:  0    Dex: 14    Spells: 9/10 levels left

rFire   . . .      SeeInvis .    a - +0 dagger
rCold   . . .      Faith    .    (no shield)
rNeg    . . .      Spirit   .    b - +0 robe
rPois   .          Reflect  .    c - +0 hat
rElec   .          Harm     .    (no cloak)
rCorr   .          Rampage  .    (no gloves)
Will    .....                    (no boots)
Stlth   ++                       (no amulet)
HPRegen 0.22/turn                i - ring of magical power
MPRegen 0.16/turn                (no ring)

@: no status effects
A: no striking features
a: no special abilities


You were on level 2 of the Dungeon.
You visited 1 branch of the dungeon, and saw 2 of its levels.

You collected 55 gold pieces.

Inventory:

Hand Weapons
 a - a +0 dagger (weapon)
Armour
 b - a +0 robe (worn)
 c - a +0 hat (worn)
Jewellery
 i - a ring of magical power (left hand)
Scrolls
 f - 4 scrolls of identify {unknown}
 g - a scroll of poison {unknown}
 h - a scroll of immolation {unknown}
 j - a scroll of vulnerability {unknown}
Potions
 d - a potion of magic
 e - a potion of invisibility {unknown}
 k - a potion of ambrosia {unknown}
 l - a potion of brilliance {unknown}


   Skills:
 + Level 0.6 Fighting
 + Level 0.6 Armour
 - Level 2.4 Dodging
 - Level 2.4 Stealth
 * Level 4.9 Spellcasting
 + Level 1.6 Conjurations
 - Level 1.1 Summonings
 - Level 1.1 Translocations


You had 9 spell levels left.
You knew the following spells:

 Your Spells              Type           Power      Damage    Failure   Level
a - Magic Dart            Conj           40%        1d5       7%          1

Your spell library contained the following spells:

 Spells                   Type           Power      Damage    Failure   Level
 Blink                    Tloc           16%        N/A       13%         2
 Call Imp                 Summ           8%         N/A       13%         2
 Slow                     Hex            16%        N/A       14%         1
 Cigotuvi's Dreadful Rot  Necr/Pois/Air  8%         N/A       21%         2
 Mephitic Cloud           Conj/Pois/Air  6%         N/A       32%         3


Dungeon Overview and Level Annotations

Branches:
Dungeon (2/15)

Altars:


Message History

Confirm with . or Enter, or press ? or * to list all spells.
Aiming: Magic Dart (safe; 7% risk of failure)
Press: ? - help, Shift-Dir - straight line, f/p - hobgoblin
Aim: a hobgoblin (heavily wounded, 100% to hit)
The magic dart hits the hobgoblin.
The hobgoblin is almost dead.
Casting: Magic Dart (safe; 7% risk of failure)
Confirm with . or Enter, or press ? or * to list all spells.
Aiming: Magic Dart (safe; 7% risk of failure)
Press: ? - help, Shift-Dir - straight line, f/p - hobgoblin
Aim: a hobgoblin (almost dead, 100% to hit)
The magic dart hits the hobgoblin.
You kill the hobgoblin!
Casting: Magic Dart (safe; 7% risk of failure)
Confirm with . or Enter, or press ? or * to list all spells.
You can't see any susceptible monsters within range! (Use Z to cast anyway.) Unknown command.
There is a stone staircase leading up here.
A goblin comes into view. It is wielding a +0 dagger.
You see here 9 gold pieces.
Casting: Magic Dart (safe; 7% risk of failure)
Confirm with . or Enter, or press ? or * to list all spells.
Aiming: Magic Dart (safe; 7% risk of failure)
Press: ? - help, Shift-Dir - straight line, f - goblin
Aim: a goblin, wielding a +0 dagger (asleep, 100% to hit)
The magic dart hits the goblin.
You kill the goblin!
Casting: Magic Dart (safe; 7% risk of failure)
Confirm with . or Enter, or press ? or * to list all spells.
You can't see any susceptible monsters within range! (Use Z to cast anyway.) Unknown command.
You now have 55 gold pieces (gained 9). 3 gnolls come into view.
Found a stone staircase leading down.
The gnoll shouts! x3; You hear an angry hiss.
The gnoll hits you with a +0 flail!
Ouch! That really hurt!
The gnoll attacks as you move away! The gnoll hits you with a +0 flail!
Ouch! That really hurt!
You die...

......#.........
#..................#
#.........#.........
...................
....g #.)......## .
#..g ##.........
#..##... #.<###...#.
#....g#####.## .#
##.g@....#
#.......##
#!#####......# ...
######## #)## #..
... ... .>.


You could see 2 gnolls.

Vanquished Creatures
  2 endoplasms
  4 goblins
  3 hobgoblins
  2 ball pythons (D:1)
  2 bats (D:1)
  A frilled lizard (D:1)
  4 kobolds (D:1)
  A rat (D:1)
19 creatures vanquished.

Notes
Turn   | Place    | Note
-------+----------+-------------------------------------------
     0 | D:1      | pokeman the Deep Elf Hedge Wizard began the quest for the
                  | Orb.
     0 | D:1      | Reached XP level 1. HP: 10/10 MP: 7/7
   209 | D:1      | Reached XP level 2. HP: 16/16 MP: 0/9
  1144 | D:2      | Slain by a gnoll

Illustrated notes

Levels and vault maps discovered:
D:1:      minmay_arrival_split_and_join, layout_loops_ring
D:2:      layout_rooms

Action                     || total
---------------------------++-------
   Cast: Magic Dart        ||    44
  Dodge: Dodged            ||     3

Table legend: (Time is in decaauts)
 A = Elapsed time spent in this place.
 B = Non-inter-level travel time spent in this place.
 C = Inter-level travel time spent in this place.
 D = Time resting spent in this place.
 E = Time spent auto-exploring this place.
 F = Levels seen in this place.
 G = Mean time per level.
                   A        B        C        D        E       F      G
               +--------+--------+--------+--------+--------+-----+--------+
         Total |   1143 |   1102 |     41 |      0 |   1015 |   2 |  571.5 |
       Dungeon |   1143 |   1102 |     41 |      0 |   1015 |   2 |  571.5 |
               +--------+--------+--------+--------+--------+-----+--------+

Top non-repeatable levels by time:
     D:1: 1077 daAuts
     D:2: 65 daAuts
